 Dungeon Crawl Stone Soup version 0.17-a0-1504-gb7d9117 (webtiles) character file.

28 Fizybubbleh the Vexing (level 3, 0/36 HPs)
             Began as a Human Enchanter on July 7, 2015.
             Slain by an orc
             ... wielding a cursed +0 morningstar
              (3 damage)
             ... on level 3 of the Dungeon.
             The game lasted 00:04:00 (1586 turns).

Fizybubbleh the Vexing (Human Enchanter)            Turns: 1586, Time: 00:04:00

Health: 0/36       AC: 21    Str:  8    XL:     3   Next: 30%
Magic:  3/6        EV:  2    Int: 15    God:
Gold:   72         SH:  0    Dex: 14    Spells: 2 memorised, 3 levels left

rFire  . . .     SeeInvis .     a - +1 dagger
rCold  . . .     Clarity  .     (armour currently unavailable)
rNeg   + + +     SustAt   .     (no shield)
rPois  +         Gourm    .     (helmet currently unavailable)
rElec  .         Spirit   .     (cloak currently unavailable)
rCorr  .         Warding  .     (gloves currently unavailable)
rMut   .         NoTele   +     (boots currently unavailable)
MR     .....                    (no amulet)
Stlth  +++.......               (no ring)
                                (no ring)

@: tree-form, not resistant to hostile enchantments, fairly stealthy
A: no striking features
a: no special abilities


You were on level 3 of the Dungeon.
You were not hungry.
You were a tree.
You visited 1 branch of the dungeon, and saw 3 of its levels.

You collected 72 gold pieces.

Inventory:

Hand weapons
 a - a +1 dagger (weapon)
Armour
 b - a +1 robe (melded)
 u - a +0 pair of gloves (melded)
Jewellery
 g - a +4 ring of dexterity {unknown}
 n - an uncursed amulet of rage {unknown}
 o - an uncursed ring of fire {unknown}
Scrolls
 e - a scroll of fear {unknown}
 h - a scroll of enchant weapon {unknown}
 k - a scroll of remove curse {unknown}
 r - a scroll of noise {unknown}
 s - a scroll of teleportation {unknown}
Potions
 f - a potion of degeneration {unknown}
 i - a potion of lignification
 j - a potion of cancellation
 l - a potion of curing {unknown}
Books
 c - a book of Maledictions

   Spells                             Type                      Level
   a - Corona                         Hexes                        1
   b - Ensorcelled Hibernation        Hexes/Ice                    2
   c - Confuse                        Hexes                        3
   d - Tukima's Dance                 Hexes                        3
   e - Dazzling Spray                 Conjuration/Hexes            3
Comestibles
 d - 3 bread rations
 m - a royal jelly
 q - a beef jerky
 t - 4 fruits


   Skills:
 - Level 1.0 Short Blades
 - Level 2.0 Dodging
 - Level 3.0 Stealth
 - Level 2.0 Spellcasting
 + Level 4.2 Hexes


You had 3 spell levels left.
You knew the following spells:

 Your Spells              Type           Power        Failure   Level  Hunger
a - Ensorcelled Hibernat  Hex/Ice        #.....       14%         2    ###....
v - Corona                Hex            ##.....      4%          1    #......


Dungeon Overview and Level Annotations

Branches:
Dungeon (3/15)

Altars:
Qazlal


Message History

You take 6 damage, and have 8/24 hp.
MASSIVE DAMAGE!!
An orc comes into view. It is wielding a morningstar.
You hear some strange, mumbled words.
A puff of flame appears from out of thin air!
The puff of flame hits you!
* * * LOW HITPOINT WARNING * * *
You take 6 damage, and have 2/24 hp.
MASSIVE DAMAGE!!
Drink which item? (? for menu, Esc to quit)
It was a potion of cancellation.
You feel magically purged. The orc completely misses you.
Drink which item? (? for menu, Esc to quit)
It was a potion of lignification.
You turn into a tree.
Your +0 pair of gloves melds into your body.
Your +1 robe melds into your body.
Your roots penetrate the ground.
The orc hits you but does no damage. x2
You now have 3/36 hp.
You barely miss the orc. The orc hits you with a morningstar.
You die...

.......##.# .
.########.#
##.. #. ##
#.# ... ..
#.####.# .
#.##...# .##
#....#####..#
####.$.#...
###.#o#
#..♣## ####o#
.........#
##########


You could see 2 orcs.

Vanquished Creatures
  2 worms (D:2)
  An orc (D:3)
  6 hobgoblins
  3 kobolds
  2 bats (D:1)
  A giant gecko (D:1)
  3 giant newts
  2 goblins (D:2)
  2 rats
22 creatures vanquished.

Notes
Turn   | Place    | Note
--------------------------------------------------------------
     0 | D:1      | Fizybubbleh the Human Enchanter began the quest for the Orb.
     0 | D:1      | Reached XP level 1. HP: 13/13 MP: 3/3
   276 | D:1      | Reached XP level 2. HP: 17/19 MP: 5/5
   280 | D:1      | Learned a level 2 spell: Ensorcelled Hibernation
  1096 | D:2      | Found a stormy altar of Qazlal.
  1197 | D:2      | Reached skill level 4 in Hexes
  1197 | D:2      | Reached XP level 3. HP: 24/24 MP: 0/6
  1586 | D:3      | Slain by an orc

Vault maps used:
D:1:      lightli_arrival_statue_moat
D:2:      grunt_qazlal_clouds, first_bread
D:3:      minitemple, serial_bayou, serial_bayou_pond_e, serial_bayou_pond_c,
          serial_bayou_pond_c, serial_bayou_pond_c

Action                   || total
-------------------------++-------
Melee: Dagger            ||    71
 Cast: Corona            ||     4
       Ensorcelled Hiber ||    12
  Use: Potion            ||     2
 Stab: Sleeping          ||    14
  Eat: Chunk             ||     3
